Map: Jagannatha LE

Players

Reynor - Winner!

  • Race: Zerg Zerg
  • League: Master
  • Spawn Location: 1:00

Neeblet (Neeb)

  • Race: Protoss Protoss
  • League: Grandmaster
  • Spawn Location: 7:00

Event: ASUS ROG Online 2020

VOD

Have the link to the VOD?

Description

Time

  • Played on: Nov. 27, 2020, 4:20 p.m.
  • Length: 16:40

All games in this series

Show
View Real Time Build Order
Export as new Build Order

Reynor Zerg - Winner!

Build Orders: Pool First, Lurkers, Swarm Host 

Get SALT Encoding   

  12  0:17  Spawning Pool  
  11  0:22  Drone  
  11  0:26  Drone  
  13  0:31  Drone  
  14  0:40  Overlord  
  14  1:04  Zergling x4  
  14  1:05  Zergling x2  
  17  1:15  Hatchery  
  16  1:19  Zergling x2  
  17  1:27  Zergling x2  
  18  1:35  Queen  
  18  1:39  Zergling x2  
  21  1:47  Overlord  
  21  2:00  Drone  
  22  2:14  Drone  
  22  2:15  Queen  
  25  2:21  Drone  
  24  2:29  Drone  
  24  2:33  Drone  
  24  2:35  Queen  
  26  2:38  Drone  
  27  2:45  Drone  
  27  2:47  Drone x2  
  27  2:48  Drone  
  27  2:50  Extractor  
  30  2:51  Drone  
  30  2:56  Drone  
  32  3:01  Drone  
  32  3:08  Drone  
  33  3:18  Hatchery  
  32  3:22  Overlord  
  32  3:25  Drone  
  33  3:28  Drone  
  33  3:30  Drone  
  35  3:42  Drone x5  
  40  3:51  Metabolic Boost  
  40  3:54  Overlord  
  40  3:55  Drone  
  40  3:56  Drone  
  40  3:58  Zergling x2  
  43  4:07  Zergling x6  
  42  4:10  Drone  
  42  4:13  Drone  
  42  4:14  Drone  
  44  4:20  Queen  
  44  4:23  Drone  
  47  4:24  Drone  
  47  4:28  Overlord  
  48  4:31  Drone  
  48  4:37  Overlord  
  49  4:43  Spore Crawler, Drone  
  49  4:46  Queen  
  49  4:47  Drone x2  
  49  4:48  Drone  
  49  4:50  Drone  
  55  4:53  Drone x2  
  55  4:57  Drone x2  
  55  4:59  Spore Crawler  
  58  5:02  Drone  
  58  5:04  Drone x2  
  61  5:09  Lair  
  61  5:11  Drone  
  61  5:13  Drone  
  63  5:16  Overlord  
  63  5:17  Drone  
  63  5:19  Drone x2  
  65  5:25  Extractor  
  65  5:28  Roach Warren  
  62  5:29  Extractor, Drone x2  
  62  5:30  Drone  
  62  5:33  Drone  
  62  5:35  Spore Crawler, Drone  
  65  5:39  Drone  
  65  5:40  Drone, Evolution Chamber  
  65  5:41  Drone  
  65  5:42  Drone  
  68  5:44  Drone  
  68  5:47  Overlord  
  68  5:49  Drone x2  
  71  5:50  Drone  
  71  5:53  Drone x2  
  71  5:56  Overlord  
  73  6:00  Extractor, Drone  
  73  6:01  Drone  
  73  6:03  Overlord  
  73  6:05  Drone x2  
  73  6:07  Drone x2  
  73  6:08  Drone x2  
  79  6:14  Overlord  
  79  6:15  Extractor  
  79  6:16  Extractor  
  79  6:18  Drone x2  
  79  6:20  Infestation Pit  
  79  6:23  Drone x3  
  79  6:24  Drone  
  79  6:25  Zerg Missile Weapons Level 1  
  82  6:39  Zergling x10, Drone x2  
  90  6:40  Zergling x4  
  90  6:46  Overlord  
  91  6:56  Swarm Host x3, Hatchery  
  91  6:57  Swarm Host  
  91  6:58  Swarm Host, Nydus Network  
  91  7:01  Overlord  
  104  7:04  Swarm Host x2  
  110  7:10  Swarm Host  
  110  7:12  Overlord  
  113  7:18  Overlord  
  113  7:19  Swarm Host  
  113  7:20  Swarm Host  
  113  7:22  Overlord, Swarm Host  
  122  7:30  Glial Reconstitution  
  122  7:34  Nydus Canal  
  122  7:35  Overlord  
  122  7:38  Drone x7  
  122  7:39  Swarm Host  
  122  7:43  Overlord  
  122  7:44  Roach x3  
  137  7:49  Nydus Canal  
  137  7:50  Roach  
  138  7:53  Roach x2  
  138  7:56  Overlord  
  142  8:00  Roach x3  
  142  8:01  Roach  
  142  8:05  Nydus Canal  
  150  8:07  Drone x4  
  150  8:08  Queen  
  150  8:09  Roach x2  
  150  8:10  Extractor  
  159  8:15  Roach x2  
  159  8:16  Roach  
  165  8:20  Nydus Canal  
  165  8:23  Drone x3  
  168  8:27  Overlord  
  168  8:28  Roach  
  168  8:32  Spore Crawler  
  169  8:40  Nydus Canal  
  169  8:42  Zerg Missile Weapons Level 2  
  169  8:44  Roach x3  
  169  8:45  Hatchery  
  169  8:46  Overlord  
  174  8:51  Roach x4  
  174  8:52  Roach x2  
  182  9:00  Overlord  
  179  9:05  Ravager x5  
  179  9:07  Extractor, Roach x3  
  179  9:08  Overlord  
  189  9:11  Nydus Canal  
  189  9:13  Drone x2  
  189  9:14  Drone  
  192  9:19  Overlord  
  192  9:21  Spine Crawler  
  192  9:22  Spine Crawler  
  188  9:26  Roach x5  
  188  9:28  Nydus Canal  
  188  9:30  Drone  
  195  9:39  Roach x3  
  195  9:45  Nydus Canal  
  195  9:47  Roach x2  
  197  9:56  Ravager  
  197  9:57  Ravager  
  199  10:00  Nydus Canal  
  199  10:08  Spine Crawler  
  199  10:09  Spine Crawler  
  199  10:11  Roach x9  
  199  10:14  Roach x8  
  198  10:20  Roach x4  
  194  10:28  Drone  
  194  10:29  Drone x5  
  199  10:41  Ravager  
  199  10:42  Nydus Canal  
  200  10:44  Hive  
  200  10:46  Overlord  
  200  10:49  Hydralisk Den  
  199  10:51  Ravager  
  199  10:53  Extractor  
  199  10:54  Extractor  
  193  11:07  Roach x4  
  191  11:22  Roach  
  191  11:23  Roach x4  
  195  11:27  Lurker Den  
  195  11:29  Nydus Canal  
  186  11:34  Roach x8  
  186  11:39  Roach  
  200  11:40  Roach x6  
  200  11:41  Muscular Augments  
  199  11:47  Roach x3  
  196  12:00  Nydus Canal  
  190  12:01  Ravager x12  
  200  12:13  Overseer  
  200  12:30  Seismic Spines  
  196  12:41  Pneumatized Carapace  
  196  12:42  Hydralisk x4  
  200  12:51  Nydus Canal  
  200  12:55  Hydralisk  
  198  13:12  Lurker x2  
  200  13:17  Nydus Canal  
  200  13:18  Hydralisk  
  198  13:27  Lurker x2, Adaptive Talons  
  198  13:32  Hydralisk x4, Lurker  
  195  13:34  Zerg Missile Weapons Level 3  
  195  13:41  Hydralisk x3  
  187  13:49  Lurker  
  187  13:50  Hydralisk x4  
  187  13:53  Overseer  
  192  13:59  Hydralisk x5  
  200  14:04  Overseer  
  200  14:07  Lurker x2  
  200  14:09  Nydus Canal  
  197  14:27  Lurker x3  
  197  14:28  Nydus Canal  
  200  14:37  Lurker x5  
  191  14:46  Hydralisk x5  
  188  14:58  Hydralisk x5  
  188  14:59  Hydralisk x6  
  199  15:06  Zergling x2  
  200  15:12  Hydralisk x3  
  199  15:16  Overlord, Hatchery  
  199  15:17  Overlord x3, Overseer  
  197  15:22  Overlord  
  197  15:27  Overseer  
  197  15:32  Nydus Canal  
  197  15:35  Overlord  
  197  15:39  Hydralisk x2  
  196  15:58  Hydralisk x2  
  184  16:12  Hydralisk x3  
  184  16:13  Hydralisk x8  
  184  16:17  Drone x18  
Show
View Real Time Build Order
Export as new Build Order

Neeblet Protoss 

Build Orders: Archon Immortal 

Get SALT Encoding   

  12  0:00  Probe  
  13  0:12  Probe  
  14  0:18  Pylon  
  14  0:24  Probe (Chrono Boost)  
  15  0:38  Probe (Chrono Boost)  
  15  0:41  Gateway  
  16  0:44  Probe (Chrono Boost)  
  17  0:50  Assimilator  
  17  0:54  Probe  
  18  1:06  Probe  
  19  1:14  Pylon  
  19  1:18  Probe  
  20  1:26  Zealot (Chrono Boost)  
  20  1:30  Probe, Cybernetics Core  
  23  1:45  Zealot  
  25  2:04  Nexus  
  25  2:14  Adept (Chrono Boost)  
  25  2:18  Probe  
  25  2:36  Pylon  
  23  2:47  Assimilator  
  23  2:54  Probe  
  23  2:55  Stargate  
  23  2:56  Adept  
  26  3:06  Probe (Chrono Boost)  
  27  3:13  Warp Gate  
  27  3:18  Probe (Chrono Boost)  
  27  3:19  Probe (Chrono Boost)  
  29  3:26  Adept, Probe (Chrono Boost)  
  33  3:27  Probe (Chrono Boost)  
  33  3:32  Probe (Chrono Boost)  
  33  3:33  Probe (Chrono Boost)  
  35  3:39  Void Ray (Chrono Boost)  
  35  3:43  Probe  
  35  3:45  Probe  
  41  3:51  Pylon  
  41  3:55  Probe  
  42  3:57  Probe  
  43  4:07  Probe  
  43  4:09  Probe  
  45  4:12  Adept  
  45  4:16  Gateway  
  43  4:19  Probe  
  43  4:20  Oracle (Chrono Boost)  
  43  4:21  Probe  
  48  4:31  Probe  
  48  4:34  Nexus  
  48  4:37  Probe  
  50  4:40  Pylon  
  50  4:43  Probe  
  51  4:47  Oracle (Chrono Boost)  
  54  4:56  Pylon  
  54  4:58  Assimilator, Probe x2  
  56  5:01  Adept  
  56  5:03  Assimilator  
  58  5:10  Probe x2  
  58  5:12  Forge  
  60  5:19  Twilight Council  
  56  5:22  Probe x2  
  58  5:31  Robotics Facility  
  58  5:34  Probe x2  
  60  5:38  Shield Battery  
  60  5:39  Sentry, Zealot  
  60  5:41  Pylon  
  64  5:46  Probe (Chrono Boost)  
  64  5:48  Probe (Chrono Boost)  
  66  5:51  Probe (Chrono Boost)  
  66  5:54  Protoss Ground Weapons Level 1 (Chrono Boost)  
  66  5:56  Charge  
  68  5:58  Probe (Chrono Boost)  
  68  6:01  Probe (Chrono Boost)  
  68  6:03  Probe (Chrono Boost)  
  70  6:04  Probe (Chrono Boost)  
  70  6:06  Gateway, Probe (Chrono Boost)  
  70  6:10  Sentry, Probe  
  75  6:11  Gateway  
  75  6:12  Probe  
  76  6:19  Gateway, Probe  
  76  6:21  Observer (Chrono Boost)  
  76  6:22  Probe  
  76  6:23  Pylon  
  76  6:24  Probe  
  80  6:25  Sentry  
  80  6:28  Assimilator  
  80  6:31  Probe  
  83  6:32  Assimilator  
  83  6:35  Probe  
  83  6:36  Probe  
  83  6:38  Pylon  
  85  6:43  Probe  
  85  6:44  Immortal (Chrono Boost)  
  90  6:51  Probe x2  
  92  6:56  Gateway  
  92  6:58  Gateway x2  
  92  6:59  Templar Archives  
  92  7:07  Gateway  
  92  7:08  Gateway  
  92  7:10  Pylon  
  92  7:13  Zealot x3  
  98  7:18  Zealot x2  
  102  7:22  Photon Cannon  
  102  7:24  Warp Prism (Chrono Boost)  
  104  7:41  Zealot  
  104  7:42  Zealot x4  
  114  7:53  Photon Cannon  
  114  7:55  Pylon  
  114  7:57  Photon Cannon  
  114  8:00  Pylon, Protoss Ground Weapons Level 2 (Chrono Boost)  
  114  8:01  High Templar  
  114  8:04  Pylon  
  116  8:05  Pylon  
  116  8:08  Pylon  
  116  8:10  Immortal (Chrono Boost)  
  116  8:14  High Templar x2  
  124  8:20  Pylon  
  124  8:22  High Templar x5  
  124  8:23  Archon  
  134  8:30  Archon x3  
  134  8:31  Zealot x2  
  138  8:45  Nexus  
  138  8:51  Zealot x4  
  138  8:55  Zealot x3  
  148  8:56  Zealot x2  
  148  9:00  Immortal (Chrono Boost)  
  148  9:05  Blink  
  148  9:06  Probe x2  
  148  9:08  Probe  
  149  9:10  Pylon  
  149  9:14  High Templar  
  149  9:15  High Templar x2  
  155  9:18  Psionic Storm, Probe  
  155  9:24  Probe  
  153  9:33  Immortal  
  155  9:40  Archon, Zealot x3, High Templar  
  163  9:46  Archon  
  156  10:00  Assimilator  
  156  10:01  Assimilator, Nexus  
  156  10:10  High Templar x3  
  156  10:13  Probe x2  
  158  10:18  Probe, Photon Cannon  
  158  10:20  Immortal (Chrono Boost)  
  159  10:21  Shield Battery  
  159  10:27  High Templar  
  165  10:29  Zealot x4  
  165  10:31  Probe  
  165  10:33  Zealot  
  172  10:46  Pylon  
  172  10:50  Pylon x3  
  172  10:51  Pylon  
  172  10:53  Pylon x2  
  172  10:57  Protoss Ground Weapons Level 3 (Chrono Boost)  
  161  11:07  Zealot x2  
  163  11:14  Zealot x2  
  163  11:15  Zealot  
  162  11:18  High Templar x2  
  162  11:19  High Templar  
  162  11:29  Nexus  
  146  11:40  Zealot, High Templar x2  
  146  11:41  Zealot x3  
  154  11:59  Zealot, High Templar x2  
  154  12:00  Zealot  
  154  12:01  Probe x2  
  164  12:04  Archon  
  164  12:06  Zealot x2  
  164  12:07  Zealot x2  
  158  12:13  Probe  
  149  12:17  Probe  
  150  12:26  Stalker x4  
  154  12:41  Stalker x6  
  158  12:54  Stalker x4  
  164  13:19  Stalker x8  
  174  13:20  Stalker  
  166  13:49  Stalker  
  166  13:50  Stalker x6  
  166  13:51  Stalker  
  182  13:55  Fleet Beacon  
  174  14:14  Stargate  
  174  14:15  Stargate  
  170  14:18  High Templar x2  
  170  14:19  High Templar x2  
  170  14:23  Photon Cannon  
  178  14:24  Photon Cannon  
  178  14:31  Nexus  
  170  14:35  Zealot x6  
  146  14:58  Zealot x3  
  146  14:59  Zealot x2  
  142  15:03  Zealot x3  
  142  15:04  Zealot x2  
  132  15:15  Immortal  
  134  15:23  Probe  
  134  15:24  High Templar  
  134  15:25  High Templar x5  
  147  15:29  Zealot x4  
  150  15:54  Immortal  
  150  15:55  High Templar x4  
  162  15:58  Zealot x6  
  162  15:59  Archon x2  
  123  16:20  Archon  
  123  16:22  Probe  
  110  16:28  Archon x2  
  110  16:31  High Templar x5  
  107  16:33  Nexus  
Tags
 
Add a new tag
Caveats
  • Supply blocks, unpowered buildings, or Contaminate may cause inaccurate times.
  • Supply counts are checked every 10 seconds.